 Dungeon Crawl Stone Soup version 0.30.1-11-g7821555f0a (webtiles) character file.

Game seed: 15957314320644544667

147 Janerl the Chopper (level 5, -2/67 HPs)
             Began as a Hill Orc Gladiator on Dec 20, 2023.
             Killed by divine providence
             ... invoked by an orc priest
              (9 damage)
             ... on level 4 of the Dungeon on Jan 6, 2024.
             The game lasted 00:11:59 (2509 turns).

Janerl the Chopper (Hill Orc Gladiator)             Turns: 2509, Time: 00:11:59

Health: -2/67      AC: 22    Str: 19    XL:     5   Next: 29%
Magic:  5/5        EV:  2    Int:  8    God:
Gold:   115        SH:  0    Dex: 12    Spells: 4/4 levels left

rFire   . . .        a - +0 war axe
rCold   . . .        (no shield)
rNeg    . . .        b - melded +0 leather armour
rPois   +            c - melded +0 helmet
rElec   .            (cloak currently unavailable)
rCorr   .            (gloves currently unavailable)
SInv    .            (boots currently unavailable)
Will    .....        (no amulet)
Stlth   +            (no ring)
HPRegen 0.31/turn    (no ring)
MPRegen 0.09/turn

%: no passive effects
@: tree-form
A: stationary, stasis, torment immunity, boosted hp
a: Convert to Beogh


You were on level 4 of the Dungeon.
You were a tree.
You visited 1 branch of the dungeon, and saw 4 of its levels.

You collected 137 gold pieces.
You spent 22 gold pieces at shops.

Inventory:

Hand Weapons
 a - a +0 war axe (weapon)
 n - a +1 short sword of venom
 u - a +1 dagger of electrocution
Missiles
 d - 3 throwing nets (quivered)
 e - a javelin
 q - 14 poisoned darts
 r - 7 boomerangs
Armour
 b - a +0 leather armour (melded)
 c - a +0 helmet (melded)
Jewellery
 t - a ring of see invisible
Scrolls
 f - 3 scrolls of enchant weapon {unknown}
 h - a scroll of enchant armour {unknown}
 k - 4 scrolls of identify
 l - 2 scrolls of teleportation {unknown}
 p - a scroll of immolation {unknown}
 s - a scroll of amnesia {unknown}
Potions
 m - a potion of heal wounds {unknown}
 o - a potion of brilliance


   Skills:
 + Level 3.2 Fighting
 + Level 6.0 Axes
 + Level 2.0 Throwing
 + Level 1.7 Armour
 + Level 2.9 Dodging
 + Level 0.2 Stealth


You had 4 spell levels left.
You didn't know any spells.
Your spell library contained the following spells:

 Spells                   Type           Power      Damage    Failure   Level
 Dazzling Flash           Conj/Hex       0%         N/A       78%         3
 Volatile Blastmotes      Fire/Tloc      0%         2d10      78%         3
 Iskenderun's Mystic Bla  Conj/Tloc      0%         2d3       99%         4
 Starburst                Conj/Fire      0%         6d3       100%        6


Dungeon Overview and Level Annotations

Branches:
Dungeon (4/15)
 Temple: D:4-7

Altars:

Shops:
D:2 (*[?(


Message History

You slash the orc!
You kill the orc!
You closely miss the orc. The orc barely misses you.
The orc hits you with a +0 club.
You slash the orc!
You kill the orc!
You hit the orc but do no damage. The orc closely misses you.
You hit the orc.
The orc is almost dead.
The orc priest shouts, "Join the one true god or die!"
You slash the orc!
You kill the orc!
You hit the orc priest.
The orc priest invokes the aid of Beogh against you.
Beogh smites you!
* * * LOW HITPOINT WARNING * * *
You closely miss the orc priest.
The orc priest is lightly wounded.
The orc priest hits you with a +0 whip.
* * * LOW HITPOINT WARNING * * *
The orc priest closely misses you.
You hit the orc priest.
The orc priest threatens, "By the altar or by the axe, you will meet Beogh!"
The orc priest is moderately wounded.
The orc priest closely misses you.
You hit the orc priest.
The orc priest is heavily wounded.
The orc priest hits you with a +0 whip.
* * * LOW HITPOINT WARNING * * *
It was a potion of magic.
Magic courses through your body.
The orc priest hits you but does no damage.
It was a potion of lignification.
You turn into a tree.
Your +0 helmet melds into your body.
Your +0 leather armour melds into your body.
Your roots penetrate the ground.
The orc priest looks satisfied for a moment.
It was a potion of flight.
Your roots keep you in place.
The orc priest mumbles some strange prayers to Beogh against you.
Beogh smites you!
You die...

...... .. .>...
.....
.....#####.....
...............
.............
............
######+##..........
.......♣o..........
.......)#<(........
........#..).......
........#.)........
###+#####o)).......
.......o)........
.......o...>.....
....o..#####.....
...o... .....


You could see an orc priest.

Vanquished Creatures
  A hound (D:4)
  A gnoll (D:1)
  2 adders (D:2)
  A worm (D:2)
  9 orcs (D:4)
  4 ball pythons
  5 bats
  6 endoplasms
  3 giant cockroaches
  8 goblins
  10 hobgoblins
  10 kobolds
  2 quokkas
  3 frilled lizards
  5 rats
70 creatures vanquished.

Notes
Turn   | Place    | Note
-------+----------+-------------------------------------------
     0 | D:1      | Janerl the Hill Orc Gladiator began the quest for the Orb.
     0 | D:1      | Reached XP level 1. HP: 18/18 MP: 1/1
   153 | D:1      | Reached XP level 2. HP: 25/25 MP: 2/2
   250 | D:1      | Reached XP level 3. HP: 27/30 MP: 3/3
   421 | D:1      | Reached skill level 5 in Axes
   638 | D:2      | Noticed an animated shadow dragon scales
   640 | D:2      | Found Zaplupsess's Armour Boutique.
   646 | D:2      | Noticed an animated pearl dragon scales
   730 | D:2      | Found Mideps's Magic Scroll Boutique.
   759 | D:2      | Bought a scroll of identify for 22 gold pieces
   769 | D:2      | Found Xotuide's Assorted Antiques.
   786 | D:2      | Found Zacuihual's Weapon Shoppe.
   910 | D:2      | Reached XP level 4. HP: 35/37 MP: 4/4
  1112 | D:2      | Found Qucowav's Weapon Emporium.
  1227 | D:2      | Reached skill level 1 in Armour
  2247 | D:3      | Found a faded altar of an unknown god.
  2459 | D:4      | Reached skill level 6 in Axes
  2459 | D:4      | Reached XP level 5. HP: 20/45 MP: 5/5
  2509 | D:4      | Killed from afar by an orc priest

Illustrated notes

Levels and vault maps discovered:
D:1:      dpeg_arrival_shrine, layout_basic, minmay_liquid_box
D:2:      layout_basic, serial_shops, nicolae_shop_mannequins,
          nicolae_shop_tiny_statue_garden, nicolae_diamond_shop, shop,
          nicolae_shop_crystal
D:3:      layout_loops_corners, hellmonk_ecumenical_altar_inner_sanctum
D:4:      layout_gridville, minmay_temple_entry_large_hall, serial_shops,
          nicolae_shop_tiny_real_fake_doors, uniq_sigmund

Skill      XL: |  1  2  3  4 |
---------------+-------------+-----
Throwing       | 2 |  2.0
Axes           | 5 6 |  6.0
Armour         | 1 |  1.7
Fighting       | 3 |  3.2
Dodging        | |  2.9
Stealth        | |  0.2

Action                     |  1- 3 |  4- 6 || total
---------------------------+-------+-------++-------
  Melee: War axe           |    69 |    86 ||   155
    Use: Scroll            |     1 |       ||     1
         Potion            |       |     5 ||     5
   Stab: Sleeping          |     1 |     1 ||     2
 Armour: Leather armour    |    18 |    24 ||    42
  Dodge: Dodged            |    50 |    77 ||   127
